 Dungeon Sprint DCSS version 0.19.1 (webtiles) character file.

452 LORDOFBUTT the Cleaver (level 7, 0/73 HPs)
             Began as a Hill Orc Monk on Dec 19, 2016.
             Slain by a slime creature (20 damage)
             ... in the Dungeon (Sprint I: "Red Sonja").
             The game lasted 00:01:30 (1261 turns).

LORDOFBUTT the Cleaver (Hill Orc Monk)              Turns: 1261, Time: 00:01:31

Health: 0/73       AC:  3    Str: 14    XL:     7   Next: 4%
Magic:  7/7        EV: 17    Int: 10    God:
Gold:   311        SH:  0    Dex: 15    Spells: 0 memorised, 6 levels left

rFire  + . .     SeeInvis .     a - +0 hand axe
rCold  . . .     Gourm    .     h - +1 robe {rF+}
rNeg   . . .     Faith    .     (no shield)
rPois  .         Spirit   .     (no helmet)
rElec  .         Reflect  .     (no cloak)
rCorr  .         Harm     .     (no gloves)
MR     .....     NoTele   +     (no boots)
Stlth  ++........               (no amulet)
                                (no ring)
                                (no ring)

@: no status effects
A: no striking features
a: no special abilities


You were in the Dungeon.
You were not hungry.

You visited 1 branch You collected 311 gold pieces.

Inventory:

Hand Weapons
 a - a +0 hand axe (weapon)
Armour
 h - a +1 robe of fire resistance (worn)
Wands
 b - a wand of polymorph (17/24)
Scrolls
 i - a scroll of blinking
Potions
 d - a potion of curing
 e - a potion of heal wounds
 f - a potion of haste
 g - 2 potions of magic
Comestibles
 c - a bread ration


   Skills:
 + Level 10.6 Fighting
 + Level 11.4 Axes
 + Level 7.4 Dodging
 - Level 1.5 Stealth


You had 6 spell levels left.
You didn't know any spells.

Dungeon Overview and Level Annotations

Branches:
Dungeon (1/1)

Altars:
Cheibriados
Dithmenos
Elyvilon
Fedhas
Gozag
Hepliaklqana
Kikubaaqudgha
Makhleb
Nemelex Xobeh
Okawaru
Qazlal
Ru
Sif Muna
Trog
Uskayaw
Vehumet
Xom
Yredelemnul
Zin
The Shining One
Jiyva
Lugonu

Shops:
D [

Annotations:
D Sonja


Message History

The slime creature barely misses you.
You hit the slime creature but do no damage.
The slime creature is heavily wounded.
The slime creature misses you.
You slash the slime creature!
The slime creature is severely wounded.
The slime creature hits you.
* * * LOW HITPOINT WARNING * * *
You slash the slime creature!
The slime creature is almost dead.
You hit the slime creature but do no damage.
The slime creature is almost dead.
The slime creature misses you.
You completely miss the slime creature.
The slime creature is severely wounded.
The slime creature misses you.
You hit the slime creature but do no damage.
The slime creature is severely wounded.
The slime creature hits you!!
You die...

###################
#<.#.)'..#..'..#__#
#..'..#.)'[.#..'@J+
#..#####'#####'#__#
#..####..#...#.####
#..#__####..##.#
#..#_____##'#..+
#⌠⌠#_.∩...'..._#
####_..__##_.#'#
#_____###+#(#
####### .###


You could see a slime creature.

Vanquished Creatures
  Sigmund (D)
  A yak (D)
  An ogre (D)
  A jelly (D)
  Ijyb (D)
5 creatures vanquished.

Vanquished Creatures (others)
  A hornet (D)
1 creature vanquished.

Grand Total: 6 creatures vanquished

Notes
Turn   | Place    | Note
-------+----------+-------------------------------------------
     0 | D        | LORDOFBUTT the Hill Orc Monk began the quest for the Orb.
     0 | D        | Reached XP level 1. HP: 19/19 MP: 1/1
     1 | D        | Noticed Ijyb
    13 | D        | Killed Ijyb
    13 | D        | Reached skill level 5 in Fighting
    13 | D        | Reached skill level 5 in Axes
    13 | D        | Reached XP level 2. HP: 14/29 MP: 2/2
   172 | D        | Noticed an ogre
   186 | D        | Killed an ogre
   186 | D        | Reached skill level 7 in Axes
   186 | D        | Reached skill level 5 in Dodging
   186 | D        | Reached XP level 3. HP: 10/39 MP: 3/3
   186 | D        | Reached XP level 4. HP: 12/47 MP: 4/4
   425 | D        | Noticed Sigmund
   457 | D        | Killed Sigmund
   457 | D        | Reached skill level 10 in Axes
   457 | D        | Reached XP level 5. HP: 9/57 MP: 5/5
   457 | D        | Reached XP level 6. HP: 10/64 MP: 6/6
   756 | D        | Found a deep blue altar of Sif Muna.
   758 | D        | Found a radiant altar of Vehumet.
   868 | D        | Killed a hornet
   886 | D        | Noticed Sonja
   889 | D        | Found Soiziux's Armour Emporium.
   889 | D        | Found an ancient bone altar of Kikubaaqudgha.
   889 | D        | Found a hazy altar of Hepliaklqana.
   889 | D        | Found a stormy altar of Qazlal.
   889 | D        | Found a hide-covered altar of Uskayaw.
   889 | D        | Found a blossoming altar of Fedhas.
   889 | D        | Found a bloodstained altar of Trog.
   889 | D        | Found an iron altar of Okawaru.
   889 | D        | Found a basalt altar of Yredelemnul.
   889 | D        | Found a glowing golden altar of the Shining One.
   889 | D        | Found a snail-covered altar of Cheibriados.
   889 | D        | Found a sacrificial altar of Ru.
   889 | D        | Found a glowing silver altar of Zin.
   889 | D        | Found a shadowy altar of Dithmenos.
   889 | D        | Found a white marble altar of Elyvilon.
   889 | D        | Noticed a yak
   906 | D        | Killed a yak
   906 | D        | Reached skill level 10 in Fighting
   906 | D        | Reached skill level 11 in Axes
   906 | D        | Reached XP level 7. HP: 5/73 MP: 7/7
   907 | D        | Found an opulent altar of Gozag.
  1215 | D        | Found a sparkling altar of Nemelex Xobeh.
  1246 | D        | Found a burning altar of Makhleb.
  1246 | D        | Found a viscous altar of Jiyva.
  1246 | D        | Found a shimmering altar of Xom.
  1246 | D        | Found a corrupted altar of Lugonu.
  1246 | D        | Noticed a slime creature
  1261 | D        | Slain by a slime creature

Skill      XL: |  1  2  3  4  5  6 |
---------------+-------------------+-----
Fighting       | 5 7 9 10 | 10.6
Axes           | 5 7 10 11 | 11.4
Dodging        | 3 5 6 7 |  7.4
Stealth        | |  1.5

Action                   |  1- 3 |  4- 6 |  7- 9 || total
-------------------------+-------+-------+-------++-------
Melee: Hand axe          |    23 |    44 |    13 ||    80
  Use: Potion            |       |     1 |       ||     1
 Stab: Sleeping          |     2 |       |       ||     2
  Eat: Chunk             |       |       |     1 ||     1
Armor: Robe              |     1 |       |       ||     1
Dodge: Dodged            |    11 |    18 |     5 ||    34
